 Dungeon Crawl Stone Soup version 0.27-a0-1217-g8a41f320e8 (webtiles) character file.

Game seed: 3565654125558647083

7 Monzz the Chopper (level 2, 0/40 HPs)
             Began as a Hill Orc Berserker on June 5, 2021.
             Was a Follower of Trog.
             Slain by a hobgoblin (2 damage)
             ... on level 1 of the Dungeon.
             The game lasted 00:00:28 (67 turns).

Monzz the Chopper (Hill Orc Berserker)                Turns: 67, Time: 00:00:30

Health: 0/40       AC:  2    Str: 19    XL:     2   Next: 4%
Magic:  2/2        EV: 12    Int:  7    God:    Trog [*.....]
Gold:   3          SH:  0    Dex: 10    Spells: 1/1 levels left

rFire    . . .     SeeInvis .   a - +0 hand axe
rCold    . . .     Faith    .   (no shield)
rNeg     . . .     Spirit   .   b - +0 animal skin
rPois    .         Reflect  .   (no helmet)
rElec    .         Harm     .   (no cloak)
rCorr    .         Rampage  .   (no gloves)
Will     .....                  (no boots)
Stlth    ..........             (no amulet)
HPRegen  0.13/turn              (no ring)
MPRegen  0.08/turn              (no ring)

@: berserking, very quick
A: no striking features
a: Renounce Religion, Berserk


You were on level 1 of the Dungeon.
You worshipped Trog.
Trog was aware of your devotion.
You visited 1 branch of the dungeon, and saw 1 of its levels.

You collected 3 gold pieces.

Inventory:

Hand Weapons
 a - a +0 hand axe (weapon)
Armour
 b - a +0 animal skin (worn)


   Skills:
 + Level 3.9 Fighting
 + Level 4.3 Axes
 + Level 2.2 Armour
 + Level 1.6 Dodging


You had one spell level left.
You didn't know any spells.
Your spell library was empty.

Dungeon Overview and Level Annotations

Branches:
Dungeon (1/15)

Altars:


Message History

The hobgoblin hits you but does no damage.
The hobgoblin barely misses you.
A gnoll comes into view. It is wielding a +0 flail.
You completely miss the hobgoblin.
The hobgoblin is heavily wounded.
The hobgoblin hits you.
You hit the hobgoblin.
The hobgoblin is severely wounded.
You hit the endoplasm but do no damage. The hobgoblin closely misses you.
The endoplasm hits you.
You barely miss the hobgoblin.
The hobgoblin is severely wounded.
You hit the endoplasm. The hobgoblin closely misses you.
The endoplasm hits you.
You closely miss the hobgoblin.
The hobgoblin is severely wounded.
You hit the endoplasm. The hobgoblin hits you.
The endoplasm hits you but does no damage.
You hit the endoplasm.
The endoplasm is severely wounded.
You hit the hobgoblin.
You kill the hobgoblin!
Trog accepts your kill. The endoplasm hits you.
You have reached level 2!
You completely miss the endoplasm.
The endoplasm is severely wounded.
You hit the gnoll. You barely miss the hobgoblin. The endoplasm freezes you.
You are frozen.
* * * LOW HITPOINT WARNING * * *
The hobgoblin closely misses you. The gnoll hits you with a +0 flail.
* * * LOW HITPOINT WARNING * * *
A red film seems to cover your vision as you go berserk!
You feel yourself moving faster!
You feel mighty! The endoplasm freezes you.
You are frozen.
* * * LOW HITPOINT WARNING * * *
The hobgoblin hits you.
You die...

...##....#
#....##.......##.#
........##
#######..........#
#########
#...........
P.PP.P.#
###.........
PP♣...P# #...#....
P.♣P.♣.# ##........
.......#
###....#....
...P..P#
###Jrg...###..
..P.P..#
#g@g##...###..#
.......#####.......#
.....## #.......#
...# #.......# .#
#.........
#......### .........
......#.##
...##.....


You could see a gnoll, an endoplasm, 2 hobgoblins and a rat.

Vanquished Creatures
  A goblin (D:1)
  2 hobgoblins (D:1)
  3 ball pythons (D:1)
  A rat (D:1)
7 creatures vanquished.

Notes
Turn   | Place    | Note
-------+----------+-------------------------------------------
     0 | D:1      | Monzz the Hill Orc Berserker began the quest for the Orb.
     0 | D:1      | Reached XP level 1. HP: 19/19 MP: 1/1
    66 | D:1      | Reached XP level 2. HP: 10/27 MP: 2/2
    67 | D:1      | HP: 2/40 [frozen (3)]
    67 | D:1      | Slain by a hobgoblin

Illustrated notes

Levels and vault maps discovered:
D:1:      minmay_arrival_arboretum_small, layout_basic,
          shapermc_ecumenical_altar_mp_vishouse

Action                   || total
-------------------------++-------
Melee: Hand axe          ||    14
Invok: Berserk           ||     1
Armor: Animal skin       ||     2
Dodge: Dodged            ||     9

Table legend: (Time is in decaauts)
 A = Elapsed time spent in this place.
 B = Non-inter-level travel time spent in this place.
 C = Inter-level travel time spent in this place.
 D = Time resting spent in this place.
 E = Time spent auto-exploring this place.
 F = Levels seen in this place.
 G = Mean time per level.
                   A        B        C        D        E       F      G
               +--------+--------+--------+--------+--------+-----+--------+
         Total |     68 |     68 |      0 |      0 |     38 |   1 |   68.0 |
       Dungeon |     68 |     68 |      0 |      0 |     38 |   1 |   68.0 |
               +--------+--------+--------+--------+--------+-----+--------+

Top non-repeatable levels by time:
     D:1: 68 daAuts
